 Dungeon Crawl Stone Soup version 0.32-a0-960-g3814254bd7 (webtiles) character file.

Game seed: 2566083863008152136

47575 HilariousDeathArtist the Fighter (level 13, 0/118 HPs)
             Began as a Pale Draconian Shapeshifter on Apr 17, 2024.
             Was a High Priest of Cheibriados.
             Slain by an iron giant simulacrum (12 damage)
             ... on level 3 of the Abyss.
             The game lasted 00:23:43 (14039 turns).

HilariousDeathArtist the Fighter (DrSh)            Turns: 14039, Time: 00:23:43

Health: 0/118      AC: 11    Str: 30    XL:     13   Next: 42%
Magic:  5/19       EV: 23    Int: 35    God:    Cheibriados [*****.]
Gold:   424        SH:  5    Dex: 32    Spells: 10/12 levels left

rFire   + .          .
                       - Unarmed
rCold   + . .        (shield currently unavailable)
rNeg    . . .        (body armour unavailable)
rPois   +            (helmet restricted)
rElec   .            (no cloak)
rCorr   +            M - melded +0 pair of gloves
SInv    +            x - +2 pair of boots
Will    +....        D - amulet of Ashenzari's Scorn {Reflect rC+ Will+ Int+3 Dex+3 SH+5}
Stlth   +++++        C - ring of Ramozio {Fly rC+ Int+3 Stlth+}
HPRegen 0.39/turn    P - ring of Xaoss {^Contam rPois rF+ rCorr Int+3 SInv, =R}
MPRegen 0.16/turn

%: reflection
@: about to teleport, blade hands, flying, studying Axes, very slow
A: steam breath, AC +8, unfitting armour, cold-blooded, steam resistance, [cold
vulnerability 1]
}: 1/15 runes: abyssal
a: Steam Breath, Begin Untransformation, Renounce Religion, Bend Time, Temporal
Distortion, Slouch, Step From Time


You were on level 3 of the Abyss.
You worshipped Cheibriados.
Cheibriados was extremely pleased with you.
You had blades for hands.
You visited 1 branch of the dungeon, and saw 12 of its levels.
You visited the Abyss 1 time.
You visited 1 bazaar.
You also visited: Gauntlet.

You collected 911 gold pieces.
You spent 487 gold pieces at shops.

Inventory:

Missiles
 j - 11 poisoned darts
 l - 5 atropa-tipped darts
 s - 4 stones
 t - a curare-tipped dart
Armour
 x - a +2 pair of boots (worn)
   (You found it on level 5 of the Dungeon)
 M - a +0 pair of gloves (melded)
   (You found it on level 11 of the Dungeon)
Jewellery
 C - the ring of Ramozio (left blade hand) {Fly rC+ Int+3 Stlth+}
   (You bought it in a shop on level 4 of the Dungeon)

   [ring of flight]

   Int+3:     It affects your intelligence (+3).
   rC+:       It protects you from cold.
   Fly:       It grants you flight.
   Stlth+:    It makes you more stealthy.
 D - the amulet of Ashenzari's Scorn (around neck) {Reflect rC+ Will+ Int+3 Dex+3 SH+5}
   (You found it in a Gauntlet)

   [amulet of reflection]

   Reflect:   It reflects blocked missile attacks.
   Int+3:     It affects your intelligence (+3).
   Dex+3:     It affects your dexterity (+3).
   rC+:       It protects you from cold.
   Will+:     It increases your willpower.
   SH+5:      It affects your SH (+5).
 N - a ring of positive energy {rN+}
   (You found it on level 12 of the Dungeon)
 P - the ring of Xaoss (right blade hand) {^Contam rPois rF+ rCorr Int+3 SInv, =R}
   (You found it on level 9 of the Dungeon)

   [ring of resist corrosion]

   Int+3:     It affects your intelligence (+3).
   rF+:       It protects you from fire.
   rPois:     It protects you from poison.
   SInv:      It lets you see invisible.
   ^Contam:   It causes magical contamination when unequipped.
   rCorr:     It protects you from acid and corrosion.
Talismans
 b - a beast talisman
 c - a flux talisman
 A - a blade talisman (active)
   (You found it on level 7 of the Dungeon)
 X - a maw talisman
   (You found it in a Gauntlet)
Wands
 d - a wand of digging (7)
   (You found it on level 5 of the Dungeon)
 m - a wand of quicksilver (7)
   (You found it on level 3 of the Dungeon)
 p - a wand of paralysis (10)
   (You found it on level 12 of the Dungeon)
 q - a wand of flame (16)
   (You found it on level 5 of the Dungeon)
 W - a wand of roots (1)
   (You found it in a Gauntlet)
Scrolls
 h - 2 scrolls of fog
 i - a scroll of identify {@r1}
 k - a scroll of poison {!r}
 o - 4 scrolls of revelation
 z - 6 scrolls of amnesia
 E - 3 scrolls of fear
 K - 3 scrolls of immolation {!r}
 O - a scroll of silence
 V - a scroll of vulnerability {!r!r}
 Y - 2 scrolls of teleportation {@r3}
Potions
 a - 2 potions of brilliance {unknown}
 e - 3 potions of attraction {!q}
 f - 6 potions of heal wounds {@q2}
 g - a potion of mutation {unknown}
 r - 4 potions of haste {unknown}
 u - a potion of might {unknown}
 v - 3 potions of enlightenment {unknown}
 B - a potion of magic {unknown}
 H - a potion of invisibility {unknown}
 I - a potion of lignification {!q}
 J - 2 potions of cancellation {unknown}
 L - a potion of ambrosia {unknown}
 Q - 5 potions of curing {unknown}
 R - a potion of resistance
Miscellaneous
 w - a phial of floods (inert)
   (You found it on level 9 of the Dungeon)


   Skills:
 + Level 12.0 Fighting
 + Level 10.3 Dodging
 - Level 5.0 Stealth
 + Level 10.2 Unarmed Combat
 - Level 4.0 Translocations
 + Level 9.2 Invocations
 - Level 10.0 Shapeshifting


You had 10 spell levels left.
You knew the following spells:

 Your Spells              Type           Power      Damage    Failure   Level
b - Blink                 Tloc           56%        N/A       1%          2

Your spell library contained the following spells:

 Spells                   Type           Power      Damage    Failure   Level
 Apportation              Tloc           56%        N/A       1%          1
 Magic Dart               Conj           0%         1d3       7%          1
 Necrotise                Necr           0%         1d4       7%          1
 Shock                    Conj/Air       0%         1d3       7%          1
 Slow                     Hex            0%         N/A       7%          1
 Sting                    Conj/Alch      0%         1d3       7%          1
 Summon Small Mammal      Summ           0%         N/A       7%          1
 Call Imp                 Summ           0%         N/A       11%         2
 Jinxbite                 Hex            0%         N/A       11%         2
 Confusing Touch          Hex            0%         N/A       21%         3
 Hailstorm                Conj/Ice       0%         3d5       21%         3
 Stone Arrow              Conj/Erth      0%         3d7       21%         3
 Vampiric Draining        Necr           0%         2d6       21%         3
 Summon Blazeheart Golem  Fire/Summ      0%         N/A       56%         4
 Summon Forest            Summ/Tloc      7%         N/A       63%         5
 Yara's Violent Unravell  Hex/Alch       0%         3d3       88%         5
 Enfeeble                 Hex            0%         N/A       100%        7
 Orb of Destruction       Conj           0%         9d5       100%        7
 Spellforged Servitor     Conj/Summ      0%         N/A       100%        7
 Chain Lightning          Conj/Air       0%         N/A       100%        9
 Fire Storm               Conj/Fire      0%         5d1       100%        9
 Shatter                  Erth           0%         3d5*      100%        9


Dungeon Overview and Level Annotations

Branches:
Dungeon (12/15)            Temple (0/1) D:6            Lair (0/5) D:11
    Orc (0/2) D:12        Gauntlet (visited)

Altars:
Cheibriados
Fedhas
Makhleb
Nemelex Xobeh
Qazlal
Ru
Vehumet
Zin

Shops:
D:1 [   D:4 :=(   D:6 (   D:9 :


Innate Abilities, Weirdness & Mutations

You have blades for hands.
You are incapable of wielding weapons or throwing items.
You can breathe blasts of scalding, opaque steam.
Your pale cyan-grey scales are hard. (AC +8)
You cannot fit into any form of body armour.
You are cold-blooded and may be slowed by cold attacks.
You are immune to the effects of steam.
[You are vulnerable to cold. (rC-)]


Message History

A meliai comes into view. It is wielding a +0 hand axe.
The wretched star pulses with an eldritch light!
You feel the urge to shout.
You feel a strong urge to scream.
The wretched star pulses with an eldritch light!
You occasionally lose the ability to drink potions when taking damage.
You lose the ability to drink potions when taking damage more often.
A meliai comes into view. It is wielding a +0 hand axe.
You scream at the meliai!
The meliai misses you. The meliai closely misses you.
A balrug comes into view.
It is wielding a +1 demon whip of electrocution.
You scream at the balrug!
The meliai hits you but does no damage. The meliai misses you.
The meliai completely misses you. The meliai closely misses you.
The meliai buzzes angrily.
You hear a horrible gurgling sound!
You hear a shout!
Unknown command.
Unknown command.
Unknown command.
Activating: Slouch (2% risk of failure)
Press: ? - help, Dir - look around, f - activate You can feel time thicken for a moment.
You kill the meliai!
Cheibriados thoroughly appreciates the change of pace.
You kill the meliai!
Cheibriados thoroughly appreciates the change of pace.
You kill the meliai!
Cheibriados thoroughly appreciates the change of pace.
You hear a horrible gurgling sound!
The wretched star pulses with an eldritch light!
You feel vulnerable to cold. x2
The meliai hits you but does no damage. The meliai completely misses you.
Unknown command.
You now have 14/19 mp.
Unknown command.
Unknown command.
Activating: Slouch (3% risk of failure)
Press: ? - help, Dir - look around, f - activate You can feel time thicken for a moment.
You kill the meliai!
Cheibriados thoroughly appreciates the change of pace.
The wretched star glows turbulently.
The lance of force misses you.
A queen bee comes into view.
You feel the corruption within you wane somewhat.
Your urge to scream lessens.
You feel less vulnerable to cold.
You lose the ability to drink potions when taking damage less often.
Your Invocations skill increases to level 9!
You now have 9/19 mp.
Unknown command.
Activating: Slouch (2% risk of failure)
Press: ? - help, Dir - look around, f - activate You can feel time thicken for a moment.
You destroy the wretched star!
Cheibriados appreciates the change of pace.
You destroy the wretched star!
Cheibriados appreciates the change of pace.
You kill the balrug!
Cheibriados appreciates the change of pace.
Cheibriados lowers the support of your attributes as your movement quickens.
You feel the corruption within you wane somewhat.
Your urge to shout disappears.
You no longer become unable to drink potions after taking damage.
Your Fighting skill increases to level 12!
Health restored: 118 You now have 4/19 mp.
Unknown command.
Unknown command.
Found an abyssal rune of Zot and a blink frog corpse.
Found a runelight.
A meliai comes into view.
It is wielding a +1 war axe of draining.
A green very ugly thing comes into view.
Things that are here:
a +0 war axe; a +0 leather armour Unknown command.
A starcursed mass comes into view.
Unknown command.
A starcursed mass splits.
The queen bee completely misses you.
A starcursed mass splits.
The iron giant simulacrum hits you!!! The iron giant simulacrum freezes you!
You resist.
The green very ugly thing gurgles horribly!
You see here an abyssal rune of Zot.
You take 53 damage, and have 65/118 hp.
MASSIVE DAMAGE!!
Unknown command.
As you read the scroll of teleportation {@r3}, it crumbles to dust.
You feel strangely unstable.
You feel the power of the Abyss delaying your translocation!
The queen bee misses you. The iron giant simulacrum hits you!!!
* * * LOW HITPOINT WARNING * * *
The iron giant simulacrum freezes you! You resist.
* * * LOW HITPOINT WARNING * * *
You take 49 damage, and have 16/118 hp.
MASSIVE DAMAGE!!
You pick up the abyssal rune and feel its power.
Press } to see all the runes you have collected.
You feel the abyssal rune guiding you out of this place.
The queen bee misses you. The iron giant simulacrum hits you.
* * * LOW HITPOINT WARNING * * *
The iron giant simulacrum freezes you! You resist.
You die...
Cheibriados appreciates the motionlessness of death.

. .... .. . ..
... .. . ......
..... .......
####...##
#..##...#.#.##...
###. ..#...#.##
## #.#....# #
##.#.#.# ###.###
# ♣@##.#
#.Z#y)#)#
#.†.....# †
#..u#⌠.y#⌠....#
##†###.###†##..#
#.. ⌠. .X#...#
... ..# #...#..
#† #. #X###† ..
..


You could see 2 starcursed masses, a green very ugly thing, a queen bee, a
meliai and an iron giant simulacrum.

Vanquished Creatures
  A sphinx (D:12)
  Frances (D:12)
  A balrug (Abyss:3)
  A minotaur (Gauntlet)
  A centaur warrior (D:9)
  7 two-headed ogres
  A boulder beetle (D:9)
  A death scarab (Gauntlet)
  5 death yaks (Gauntlet)
  2 wretched stars (Abyss:3)
  A flayed ghost (D:9)
  A spectral hydra (Gauntlet)
  A deep elf pyromancer (D:12)
  An ugly thing (D:12)
  An oklob plant (D:12)
  A manticore (shapeshifter) (D:12)
  3 manticores
  A cyclops (D:11)
  4 meliai (Abyss:3)
  A torpor snail (Gauntlet)
  An apocalypse crab (Abyss:3)
  2 kobold demonologists (D:11)
  A freezing wraith (D:9)
  2 unseen horrors
  2 komodo dragons
  4 trolls
  A tyrant leech (Gauntlet)
  2 hornets (D:12)
  A tarantella (shapeshifter) (D:12)
  12 slime creatures (D:12)
  4 shadows
  2 wyverns (D:11)
  A water elemental (D:12)
  4 basilisks
  9 yaks
  A vampire (D:11)
  2 steam dragons
  A basilisk (shapeshifter) (D:9)
  4 swamp worms (Gauntlet)
  An acid dragon (D:12)
  5 water moccasins
  3 black bears
  4 orc warriors
  A sky beast (D:6)
  An ice beast (D:8)
  A laughing skull (D:12)
  A boggart (D:12)
  An ogre (D:5)
  8 centaurs
  A phantom (D:5)
  A kobold brigand (D:7)
  7 bullfrogs
  A gnoll sergeant (D:11)
  2 scorpions
  5 wights (D:8)
  6 killer bees
  An oklob sapling (D:12)
  6 electric eels (D:12)
  7 howler monkeys
  2 bombardier beetles (D:4)
  2 jellies (D:5)
  4 hounds
  A gnoll bouda (D:7)
  11 orc priests
  7 iguanas
  10 orc wizards
  12 gnolls
  10 adders
  A shadow imp (D:6)
  A white imp (D:7)
  2 ufetubi (D:6)
  2 dart slugs
  2 ribbon worms
  34 orcs
  8 endoplasms
  3 giant cockroaches
  2 goblins (D:3)
  7 hobgoblins
  4 jackals (D:12)
  11 kobolds
  2 quokkas
  8 ball pythons
  4 bats
  3 frilled lizards
  5 rats
313 creatures vanquished.

Notes
Turn   | Place    | Note
-------+----------+-------------------------------------------
     0 | D:1      | HilariousDeathArtist the Draconian Shapeshifter began the
                  | quest for the Orb.
     0 | D:1      | Reached XP level 1. HP: 16/16 MP: 1/1
   163 | D:1      | Found Fokuzuxi's Antique Armour Shop.
   174 | D:1      | Reached skill level 2 in Dodging
   208 | D:1      | Reached XP level 2. HP: 21/23 MP: 2/2
   233 | D:1      | Found a faded altar of an unknown god.
   312 | D:1      | Prayed at the altar of an unknown god.
   312 | D:1      | Became a worshipper of Cheibriados the Contemplative
   312 | D:1      | Reached * piety under Cheibriados
   608 | D:1      | Reached skill level 1 in Stealth
   764 | D:2      | You fall into a shaft and drop 1 floor!
   921 | D:2      | Found a sacrificial altar of Ru.
   929 | D:2      | Reached skill level 2 in Fighting
   966 | D:2      | Reached XP level 3. HP: 26/29 MP: 3/3
  1459 | D:2      | Reached ** piety under Cheibriados
  2145 | D:4      | Reached skill level 2 in Stealth
  2145 | D:4      | Reached XP level 4. HP: 31/37 MP: 4/4
  2191 | D:4      | Learned a level 2 spell: Blink
  2215 | D:4      | Reached skill level 3 in Fighting
  2248 | D:4      | Reached skill level 3 in Dodging
  2350 | D:4      | Reached XP level 5. HP: 28/45 MP: 5/5
  2470 | D:4      | Reached skill level 1 in Translocations
  2470 | D:4      | Found a blossoming altar of Fedhas.
  2569 | D:4      | Found Git Qal's Book Emporium.
  2763 | D:4      | Found Bosa's Weapon Shop.
  2801 | D:4      | Found Neeppau's Jewellery Emporium.
  2909 | D:4      | Reached XP level 6. HP: 52/52 MP: 6/6
  2916 | D:4      | Reached skill level 3 in Stealth
  3137 | D:4      | Reached skill level 2 in Translocations
  3151 | D:5      | Entered Level 5 of the Dungeon
  3161 | D:5      | Reached skill level 4 in Fighting
  3217 | D:5      | Reached *** piety under Cheibriados
  3236 | D:5      | Your scales start taking on a pale cyan-grey colour.
  3236 | D:5      | Reached XP level 7. HP: 35/60 MP: 7/7
  3236 | D:5      | Gained mutation: You are immune to the effects of steam.
                  | [Pale Draconian growth]
  3381 | D:5      | Reached skill level 4 in Dodging
  3602 | D:5      | Reached skill level 3 in Translocations
  3640 | D:5      | Reached skill level 4 in Stealth
  3640 | D:5      | Reached skill level 1 in Invocations
  4185 | D:5      | Reached skill level 5 in Fighting
  4186 | D:5      | Reached skill level 2 in Invocations
  4210 | D:5      | Reached XP level 8. HP: 63/68 MP: 9/9
  4471 | D:6      | Reached **** piety under Cheibriados
  4742 | D:6      | Found a staircase to the Ecumenical Temple.
  4785 | D:6      | Reached skill level 4 in Translocations
  4785 | D:6      | Reached skill level 3 in Invocations
  4959 | D:6      | Reached skill level 5 in Dodging
  5310 | D:6      | Found Gunnenue's Weapon Emporium.
  5443 | D:6      | Found a stormy altar of Qazlal.
  5467 | D:6      | Reached skill level 5 in Stealth
  5467 | D:6      | Reached skill level 4 in Shapeshifting
  5624 | D:6      | Found a burning altar of Makhleb.
  5633 | D:6      | Found a sparkling altar of Nemelex Xobeh.
  5638 | D:6      | Found a glowing silver altar of Zin.
  5895 | D:7      | Reached skill level 6 in Fighting
  5973 | D:7      | HP: 12/70 [orc priest/divine providence (11)]
  5978 | D:7      | HP: 17/70 [centaur (1)]
  5980 | D:7      | Reached XP level 9. HP: 18/75 MP: 11/11
  5992 | D:7      | HP: 18/75 [iguana (4)]
  6541 | D:7      | Noticed a two-headed ogre
  6542 | D:7      | Reached skill level 4 in Invocations
  6553 | D:7      | Reached ***** piety under Cheibriados
  6557 | D:7      | Killed a two-headed ogre
  6558 | D:7      | Reached skill level 4 in Unarmed Combat
  6558 | D:7      | Reached skill level 5 in Shapeshifting
  7026 | D:7      | Reached skill level 7 in Fighting
  7026 | D:7      | Reached skill level 6 in Dodging
  7200 | D:8      | Reached skill level 5 in Invocations
  7326 | D:4      | Bought the ring of Ramozio {Fly rC+ Int+3 Stlth+} for 487
                  | gold pieces
  7565 | D:8      | Noticed a two-headed ogre
  7577 | D:8      | Killed a two-headed ogre
  7578 | D:8      | Reached skill level 6 in Shapeshifting
  7578 | D:8      | Reached XP level 10. HP: 59/86 MP: 13/13
  7673 | D:8      | Reached skill level 5 in Unarmed Combat
  8283 | D:8      | Found a radiant altar of Vehumet.
  8523 | D:9      | Noticed a manticore
  8535 | D:9      | Killed a manticore
  8536 | D:9      | Reached skill level 6 in Invocations
  8536 | D:9      | Reached skill level 7 in Shapeshifting
  8760 | D:9      | Noticed a two-headed ogre
  8770 | D:9      | Killed a two-headed ogre
  8771 | D:9      | Reached skill level 8 in Fighting
  8801 | D:9      | Noticed a two-headed ogre
  8810 | D:9      | Killed a two-headed ogre
  8811 | D:9      | Reached skill level 7 in Dodging
  8811 | D:9      | Reached skill level 6 in Unarmed Combat
  8992 | D:9      | Noticed a centaur warrior
  9133 | D:9      | Killed a centaur warrior
  9134 | D:9      | Reached skill level 7 in Invocations
  9299 | D:9      | Noticed a flayed ghost
  9299 | D:9      | Noticed a boulder beetle
  9308 | D:9      | Killed a flayed ghost
  9309 | D:9      | Reached XP level 11. HP: 78/95 MP: 16/16
  9324 | D:9      | Killed a boulder beetle
  9402 | D:9      | Identified the +1 robe of Ru {Will++ SInv}
  9405 | D:9      | Identified the ring of Xaoss {^Contam rPois rF+ rCorr Int+3
                  | SInv}
  9566 | D:9      | Found Goupn's Book Boutique.
  9597 | D:10     | Entered Level 10 of the Dungeon
 10196 | D:10     | Reached skill level 9 in Fighting
 10200 | D:10     | Reached ****** piety under Cheibriados
 10219 | D:10     | Reached skill level 7 in Unarmed Combat
 10878 | D:11     | Reached skill level 8 in Invocations
 11095 | D:11     | Reached skill level 8 in Dodging
 11118 | D:11     | Reached skill level 8 in Shapeshifting
 11212 | D:11     | Found a staircase to the Lair.
 11270 | D:11     | Noticed a sixfirhy
 11681 | D:12     | Found a gate leading to a gauntlet.
 11682 | D:12     | Found a staircase to the Orcish Mines.
 11700 | Gauntlet | Entered a Gauntlet
 11700 | Gauntlet | Found a transporter.
 11700 | Gauntlet | Found a transporter.
 11700 | Gauntlet | Found a large runed translucent door.
 11700 | Gauntlet | Found a large runed translucent door.
 11700 | Gauntlet | Found a large runed translucent door.
 11700 | Gauntlet | Found a large runed translucent door.
 11700 | Gauntlet | Found a large runed translucent door.
 11700 | Gauntlet | Found a large runed translucent door.
 11700 | Gauntlet | Found a runed translucent door.
 11700 | Gauntlet | Found a runed translucent door.
 11700 | Gauntlet | Found a large runed translucent door.
 11700 | Gauntlet | Found a large runed translucent door.
 11700 | Gauntlet | Found a large runed translucent door.
 11700 | Gauntlet | Found a large runed translucent door.
 11700 | Gauntlet | Found a large runed translucent door.
 11700 | Gauntlet | Found a large runed translucent door.
 11701 | Gauntlet | Found a large runed translucent door.
 11701 | Gauntlet | Found a large runed translucent door.
 11701 | Gauntlet | Found a large runed translucent door.
 11701 | Gauntlet | Found a large runed translucent door.
 11704 | Gauntlet | Found a transporter.
 11706 | Gauntlet | Found a transporter.
 11712 | Gauntlet | Found a transporter.
 11712 | Gauntlet | Noticed a death scarab
 11723 | Gauntlet | Found a runed translucent gate.
 11723 | Gauntlet | Found a runed translucent gate.
 11723 | Gauntlet | Found a runed translucent gate.
 11725 | Gauntlet | Found a transporter.
 11744 | Gauntlet | Killed a death scarab
 11745 | Gauntlet | Reached skill level 8 in Unarmed Combat
 11762 | Gauntlet | Reached skill level 10 in Fighting
 11764 | Gauntlet | Identified the amulet of Ashenzari's Scorn {Reflect rC+
                  | Will+ Int+3 Dex+3 SH+5}
 11880 | Gauntlet | Found a transporter.
 11895 | Gauntlet | Noticed a death yak
 11895 | Gauntlet | Noticed a death yak
 11895 | Gauntlet | Noticed a death yak
 11895 | Gauntlet | Noticed a death yak
 11895 | Gauntlet | Noticed a death yak
 11895 | Gauntlet | Found a transporter.
 11905 | Gauntlet | Killed a death yak
 11906 | Gauntlet | Reached XP level 12. HP: 95/106 MP: 12/18
 11906 | Gauntlet | Killed a death yak
 11906 | Gauntlet | Killed a death yak
 11906 | Gauntlet | Killed a death yak
 11906 | Gauntlet | Killed a death yak
 11913 | Gauntlet | Reached skill level 9 in Dodging
 11932 | Gauntlet | Found a transporter.
 11933 | Gauntlet | Found a transporter.
 11941 | Gauntlet | Found a transporter.
 11987 | Gauntlet | Found a transporter.
 11993 | Gauntlet | Identified the ring "Zuod" {rPois Stlth+}
 12098 | Gauntlet | Noticed a minotaur
 12111 | Gauntlet | Killed a minotaur
 12112 | Gauntlet | Reached skill level 9 in Shapeshifting
 12122 | Gauntlet | Identified the +1 steam dragon scales of Distant Worlds
                  | {+Inv rN+ Will- Str+4}
 12126 | Gauntlet | Got the Book of Brumous Kinetic Energy
 12128 | Gauntlet | Identified the +0 barding "Rollin" {Str+4}
 12194 | D:12     | Found a flickering gateway to a bazaar.
 12204 | D:12     | Noticed Frances
 12223 | D:12     | Killed Frances
 12224 | D:12     | Reached skill level 9 in Unarmed Combat
 12231 | D:12     | Noticed a two-headed ogre
 12244 | D:12     | Killed a two-headed ogre
 12245 | D:12     | Reached skill level 11 in Fighting
 12260 | Bazaar   | Entered a bazaar
 12296 | Bazaar   | Found Jeteewkouw's Book Shop.
 12326 | Bazaar   | Found Uhacir's Book Shoppe.
 12331 | Bazaar   | Found Tymerof's Jewellery Shop.
 12337 | Bazaar   | Found Dyfo's Antique Weapon Shoppe.
 12533 | D:12     | Noticed a two-headed ogre
 12541 | D:12     | Killed a two-headed ogre
 12560 | D:12     | Noticed a two-headed ogre
 12566 | D:12     | Killed a two-headed ogre
 13198 | D:12     | Reached XP level 13. HP: 116/116 MP: 19/19
 13385 | D:12     | Got the Almanac of Nature
 13608 | D:12     | Reached skill level 10 in Dodging
 13615 | D:12     | HP: 26/116 [electric eel/bolt of electricity (12)]
 13888 | D:12     | Noticed a tengu reaver
 13918 | D:12     | Found the +4 robe of Folly {Brill Will-∞ Int+8}
 13928 | D:12     | Noticed a sphinx
 13938 | D:12     | Killed a sphinx
 13953 | Abyss:3  | Cast into level 3 of the Abyss (tengu reaver)
 13966 | Abyss:3  | Found a corrupted altar of Lugonu.
 13989 | Abyss:3  | Reached skill level 10 in Unarmed Combat
 13989 | Abyss:3  | Reached skill level 10 in Shapeshifting
 14031 | Abyss:3  | Noticed a balrug
 14034 | Abyss:3  | Reached skill level 9 in Invocations
 14034 | Abyss:3  | Killed a balrug
 14035 | Abyss:3  | Reached skill level 12 in Fighting
 14035 | Abyss:3  | Noticed a green very ugly thing
 14036 | Abyss:3  | Noticed a starcursed mass
 14038 | Abyss:3  | HP: 25/118 [iron giant simulacrum (40)]
 14039 | Abyss:3  | Got an abyssal rune of Zot
 14039 | Abyss:3  | HP: 12/118 [iron giant simulacrum (4)]
 14039 | Abyss:3  | Slain by an iron giant simulacrum

Illustrated notes

Levels and vault maps discovered:
D:1:      tarquinn_simple_flora_water_a, layout_basic,
          shapermc_ecumenical_altar_mp_highgroup, serial_shops,
          nicolae_shop_pleasant_corner_grove
D:2:      layout_basic, basic_altar
D:3:      layout_loops_ring
D:4:      layout_loops_ring, mainiacjoe_overflow_catwalk, serial_shops,
          nicolae_shop_tiny_real_fake_doors, nicolae_shop_tiny_glass, shop
D:5:      layout_cave_pods
D:6:      layout_cave_pods, minmay_overflow_temple_star_quad,
          nicolae_overflow_crystal_walls, minmay_temple_entry_ruins,
          serial_shops, nicolae_shop_bloodbath_and_beyond
D:7:      layout_basic, minmay_manual_mess
D:8:      nicolae_cairo_tiling_very_big, layout_loops_ring, lemuel_round_altar,
          dk_rats_in_the_wall
D:9:      minmay_shrinking_squares, layout_rooms, serial_shops,
          nicolae_stop_n_shop_1
D:10:     layout_loops_cross
D:11:     layout_loops_ring, minmay_lair_entry_grove
D:12:     kennysheep_four_of_diamonds, layout_irregular_city,
          gauntlet_entry_generic, serial_shops, bzr_entry_lakeside,
          introduction_to_nature_2, uniq_frances
Abyss:3:  base: D:3, hangedman_abyss_lost_library,
          grunt_abyss_rune_wretched_hive

Skill      XL: |  1  2  3  4  5  6  7  8  9 10 11 12 13 |
---------------+----------------------------------------+-----
Dodging        | 2 3 4 5 6 7 8 9 10 | 10.3
Stealth        | 1 2 3 4 5 |  5.0
Fighting       | 2 3 4 5 6 7 8 10 11 12 | 12.0
Translocations | 1 2 3 4 |  4.0
Invocations    | 2 3 5 7 8 9 |  9.2
Shapeshifting  | 4 6 7 8 9 10 | 10.0
Unarmed Combat | 4 6 8 9 10 | 10.2

Action                     |  1- 3 |  4- 6 |  7- 9 | 10-12 | 13-15 || total
---------------------------+-------+-------+-------+-------+-------++-------
  Melee: Unarmed           |    92 |   113 |   299 |   567 |    96 ||  1167
         Tailslap          |    13 |    27 |    53 |   161 |    18 ||   272
         Punch             |     3 |     3 |    16 |     5 |       ||    27
  Throw: Stone             |     8 |       |       |       |       ||     8
         Javelin           |     2 |       |       |       |       ||     2
         Boomerang         |       |     4 |     8 |       |       ||    12
   Cast: Blink             |       |       |     1 |     2 |       ||     3
 Invoke: Slouch            |       |       |       |     3 |     3 ||     6
Ability: Steam Breath      |       |       |     4 |     2 |       ||     6
  Evoke: Wand              |       |     1 |     1 |    10 |    11 ||    23
         Phial of floods   |       |       |       |     1 |     1 ||     2
    Use: Scroll            |     4 |     3 |     4 |     8 |     1 ||    20
         Potion            |       |     1 |     1 |       |       ||     2
   Stab: Sleeping          |     5 |     1 |     7 |    10 |       ||    23
         Distracted        |       |       |       |     3 |       ||     3
 Armour: Skin              |    39 |    58 |   169 |   241 |    54 ||   561
  Dodge: Dodged            |    49 |    45 |   187 |   587 |    99 ||   967
  Block: Other             |    13 |    20 |    58 |   121 |    15 ||   227
         Reflection        |       |       |     4 |     5 |       ||     9
   Form: Flux              |       |       |       |     1 |       ||     1
         Blade             |       |       |       |       |     1 ||     1

Table legend: (Time is in decaauts)
 A = Elapsed time spent in this place.
 B = Non-inter-level travel time spent in this place.
 C = Inter-level travel time spent in this place.
 D = Time resting spent in this place.
 E = Time spent auto-exploring this place.
 F = Levels seen in this place.
 G = Mean time per level.
                   A        B        C        D        E       F      G
               +--------+--------+--------+--------+--------+-----+--------+
         Total |  19997 |  18929 |   1068 |    207 |  15245 |  15 | 1333.1 |
       Dungeon |  19081 |  18013 |   1068 |     15 |  15105 |  12 | 1590.1 |
         Abyss |    156 |    156 |      0 |      0 |      0 |   1 |  156.0 |
        Bazaar |    178 |    178 |      0 |      0 |    131 |   1 |  178.0 |
      Gauntlet |    580 |    580 |      0 |    192 |      9 |   1 |  580.0 |
               +--------+--------+--------+--------+--------+-----+--------+

Top non-repeatable levels by time:
    D:12: 2374 daAuts
     D:6: 2151 daAuts
     D:7: 1886 daAuts
     D:5: 1868 daAuts
    D:11: 1810 daAuts
     D:8: 1704 daAuts
     D:9: 1700 daAuts
     D:4: 1458 daAuts
    D:10: 1352 daAuts
     D:2: 966 daAuts
     D:1: 905 daAuts
     D:3: 903 daAuts
Gauntlet: 580 daAuts
  Bazaar: 178 daAuts
 Abyss:3: 156 daAuts

Levels and vault maps discovered:
D:1:      tarquinn_simple_flora_water_a, layout_basic,
          shapermc_ecumenical_altar_mp_highgroup, serial_shops,
          nicolae_shop_pleasant_corner_grove
D:2:      layout_basic, basic_altar
D:3:      layout_loops_ring
D:4:      layout_loops_ring, mainiacjoe_overflow_catwalk, serial_shops,
          nicolae_shop_tiny_real_fake_doors, nicolae_shop_tiny_glass, shop
D:5:      layout_cave_pods
D:6:      layout_cave_pods, minmay_overflow_temple_star_quad,
          nicolae_overflow_crystal_walls, minmay_temple_entry_ruins,
          serial_shops, nicolae_shop_bloodbath_and_beyond
D:7:      layout_basic, minmay_manual_mess
D:8:      nicolae_cairo_tiling_very_big, layout_loops_ring, lemuel_round_altar,
          dk_rats_in_the_wall
D:9:      minmay_shrinking_squares, layout_rooms, serial_shops,
          nicolae_stop_n_shop_1
D:10:     layout_loops_cross
D:11:     layout_loops_ring, minmay_lair_entry_grove
D:12:     kennysheep_four_of_diamonds, layout_irregular_city,
          gauntlet_entry_generic, serial_shops, bzr_entry_lakeside,
          introduction_to_nature_2, uniq_frances
Abyss:3:  base: D:3, hangedman_abyss_lost_library,
          grunt_abyss_rune_wretched_hive

Table legend: (Time is in decaauts)
 A = Elapsed time spent in this place.
 B = Non-inter-level travel time spent in this place.
 C = Inter-level travel time spent in this place.
 D = Time resting spent in this place.
 E = Time spent auto-exploring this place.
 F = Levels seen in this place.
 G = Mean time per level.
                   A        B        C        D        E       F      G
               +--------+--------+--------+--------+--------+-----+--------+
         Total |  19997 |  18929 |   1068 |    207 |  15245 |  15 | 1333.1 |
       Dungeon |  19081 |  18013 |   1068 |     15 |  15105 |  12 | 1590.1 |
         Abyss |    156 |    156 |      0 |      0 |      0 |   1 |  156.0 |
        Bazaar |    178 |    178 |      0 |      0 |    131 |   1 |  178.0 |
      Gauntlet |    580 |    580 |      0 |    192 |      9 |   1 |  580.0 |
               +--------+--------+--------+--------+--------+-----+--------+

Top non-repeatable levels by time:
    D:12: 2374 daAuts
     D:6: 2151 daAuts
     D:7: 1886 daAuts
     D:5: 1868 daAuts
    D:11: 1810 daAuts
     D:8: 1704 daAuts
     D:9: 1700 daAuts
     D:4: 1458 daAuts
    D:10: 1352 daAuts
     D:2: 966 daAuts
     D:1: 905 daAuts
     D:3: 903 daAuts
Gauntlet: 580 daAuts
  Bazaar: 178 daAuts
 Abyss:3: 156 daAuts

Table legend:
 A = Kills in this place as a percentage of kills in the entire game.
 B = Kills by you in this place as a percentage of kills by you in the entire game.
 C = Kills by friends in this place as a percentage of kills by friends in the entire game.
 D = Other kills in this place as a percentage of other kills in the entire game.
 E = Experience gained in this place as a percentage of experience gained in the entire game.
 F = Experience gained in this place divided by the number of levels of this place that you have seen.
                   A       B       C       D       E      F
               +-------+-------+-------+-------+-------+----------------------
         Total | 100.0 | 100.0 |   N/A |   N/A | 100.0 | 3292.9
       Dungeon |  93.0 |  93.0 |   N/A |   N/A |  73.9 | 3040.5
         Abyss |   2.6 |   2.6 |   N/A |   N/A |  10.2 | 5052.0
      Gauntlet |   4.5 |   4.5 |   N/A |   N/A |  15.9 | 7855.0
               +-------+-------+-------+-------+-------+----------------------
